 Dungeon Crawl Stone Soup version 0.16.1-51-g6203257 (webtiles) character file.

337 Krapule the Skirmisher (level 6, -2/40 HPs)
             Began as a Gargoyle Fighter on July 14, 2015.
             Killed by divine providence
             ... invoked by an orc priest
              (11 damage)
             ... on level 4 of the Dungeon.
             The game lasted 00:10:37 (2563 turns).

Krapule the Skirmisher (Gargoyle Fighter)           Turns: 2563, Time: 00:10:37

Health: -2/40      AC: 13    Str: 21    XL:     6   Next: 54%
Magic:  6/6        EV:  7    Int:  9    God:
Gold:   172        SH: 10    Dex:  9    Spells: 0 memorised, 5 levels left

rFire  . . .     SeeInvis .     a - +0 flail
rCold  + . .     Clarity  .     f - +1 scale mail {rC+}
rNeg   + . .     SustAb   .     c - +1 shield
rPois  ∞         Gourm    .     (no helmet)
rElec  +         Spirit   .     (no cloak)
rCorr  .         Warding  .     (no gloves)
rMut   .         Stasis   .     k - +0 pair of boots
MR     .....                    (no amulet)
Stlth  ..........               (no ring)
                                (no ring)

@: not resistant to hostile enchantments, extremely unstealthy
A: negative energy resistance 1, electricity resistance, unbreathing,
petrification resistance, rot immunity, AC +4
a: no special abilities


You were on level 4 of the Dungeon.
You were not hungry.

You visited 1 branch of the dungeon, and saw 4 of its levels.

You collected 172 gold pieces.

Inventory:

Hand weapons
 a - a +0 flail (weapon)
Armour
 c - a +1 shield (worn)
 f - a +1 scale mail of cold resistance (worn)
 k - a +0 pair of boots (worn)
Jewellery
 r - an uncursed ring of ice
Scrolls
 h - 2 scrolls of remove curse
 n - a scroll of fear
 p - 2 scrolls of teleportation
Potions
 b - 3 potions of curing
 e - a potion of might
 g - a potion of resistance
 l - a potion of brilliance
Comestibles
 d - 5 bread rations
 j - 2 royal jellies
 m - 2 fruits


   Skills:
 + Level 5.0 Fighting
 - Level 3.0 Maces & Flails
 + Level 5.0 Armour
 + Level 5.0 Shields


You had 5 spell levels left.
You didn't know any spells.

Dungeon Overview and Level Annotations

Branches:
Dungeon (4/15)
 Temple: D:4-7

Altars:
Kikubaaqudgha


Innate Abilities, Weirdness & Mutations

You are resistant to torment.
You are immune to poison.
Your stone body is very resilient (AC +4).
You resist negative energy.
You are resistant to electric shocks.
You can survive without breathing.
You are immune to petrification.
You are immune to rotting.


Message History

You sock the orc!
You kill the orc!
The orc hits you but does no damage.
The orc priest mumbles some strange prayers to Beogh against you.
Something smites you!
* * * LOW HITPOINT WARNING * * *
The orc hits you but does no damage.
You are too injured to fight recklessly!
You are too injured to fight recklessly!
You closely miss the orc. The orc barely misses you.
You sock the orc!
You kill the orc!
You block the orc priest's attack.
Your shield prevents you from hitting the orc priest.
The orc priest hits you with a dagger.
* * * LOW HITPOINT WARNING * * *
You closely miss the orc priest.
The orc priest mumbles some strange prayers to Beogh against you.
Something smites you!
You die...

.........# ..........#
...........#
............#
.............#
..............+
..............#
##+####.......##'##
#.....+.......+.@#
#.....#.......#..oo......
#...†.#.......#..#......
+.....#.......#..#......
#...<.#.......#..# ...##
####'##.......#..# ...#
#.....#.......+..# ..
+.....'.......#..+ .
#.....#[......#..#


You could see an orc priest and an orc.

Vanquished Creatures
  A scorpion (D:4)
  A giant frog skeleton (D:4)
  A worker ant (D:4)
  An orc wizard (D:4)
  4 gnolls (D:2)
  3 adders (D:3)
  4 giant mites
  3 worms
  4 giant geckos
  An ooze (D:3)
  12 orcs
  6 giant cockroaches
  4 goblins
  13 hobgoblins
  8 jackals
  8 bats
  2 giant newts (D:3)
  6 kobolds
  7 rats
89 creatures vanquished.

Notes
Turn   | Place    | Note
--------------------------------------------------------------
     0 | D:1      | Krapule, the Gargoyle Fighter, began the quest for the Orb.
     0 | D:1      | Reached XP level 1. HP: 14/14 MP: 1/1
   293 | D:1      | Reached XP level 2. HP: 17/19 MP: 2/2
   978 | D:2      | Reached XP level 3. HP: 19/23 MP: 3/3
   990 | D:2      | Reached skill level 4 in Armour
  1114 | D:2      | Reached XP level 4. HP: 29/29 MP: 4/4
  1388 | D:2      | Found an ancient bone altar of Kikubaaqudgha.
  1763 | D:3      | Reached XP level 5. HP: 28/33 MP: 5/5
  2278 | D:4      | Reached XP level 6. HP: 21/39 MP: 6/6
  2453 | D:4      | Reached skill level 5 in Fighting
  2453 | D:4      | Reached skill level 5 in Armour
  2453 | D:4      | Reached skill level 5 in Shields
  2563 | D:4      | Killed from afar by an orc priest

Action                   |  1- 3 |  4- 6 || total
-------------------------+-------+-------++-------
Melee: Flail             |    57 |   272 ||   329
       Mace              |     1 |       ||     1
  Use: Potion            |     4 |     2 ||     6
       Scroll            |     3 |     3 ||     6
  Eat: Chunk             |       |     6 ||     6
